 Dungeon Crawl Stone Soup version 0.29.1-13-g9f3cf754e1 (webtiles) character file.

Game seed: 1729732944455565744

338 Peloso the Slasher (level 6, -6/55 HPs)
             Began as a Minotaur Fighter on Jan 19, 2023.
             Succumbed to their own poison gas
             ... in a sewer.
             The game lasted 00:08:31 (2993 turns).

Peloso the Slasher (Minotaur Fighter)               Turns: 2993, Time: 00:08:33

Health: -6/55      AC:  8    Str: 21    XL:     6   Next: 29%
Magic:  5/5        EV: 10    Int:  5    God:
Gold:   158        SH:  5    Dex: 11    Spells: 5/5 levels left

rFire   . . .      SeeInvis .   a - +0 long sword (freeze)
rCold   + . .      Faith    .   d - +0 buckler
rNeg    . . .      Spirit   .   b - +0 scale mail
rPois   .          Reflect  .   (helmet restricted)
rElec   .          Harm     .   t - +0 cloak
rCorr   .          Rampage  .   (no gloves)
Will    .....                   (no boots)
Stlth   ..........              (no amulet)
HPRegen 0.18/turn               (no ring)
MPRegen 0.09/turn               (no ring)

@: lethally poisoned (-6 -> -45)
A: horns 2, retaliatory headbutt, cold resistance 1, MP-powered wands
a: no special abilities


You were in a sewer.
You visited 1 branch of the dungeon, and saw 3 of its levels.
You also visited: Sewer.

You collected 158 gold pieces.

Inventory:

Hand Weapons
 a - a +0 long sword of freezing (weapon)
 c - a +0 dagger
Armour
 b - a +0 scale mail (worn)
 d - a +0 buckler (worn)
 t - a +0 cloak (worn)
Wands
 k - a wand of polymorph (12)
Scrolls
 e - a scroll of vulnerability
 i - 3 scrolls of silence
Potions
 f - a potion of invisibility
 u - 3 potions of might


   Skills:
 + Level 4.9 Fighting
 + Level 5.1 Long Blades
 + Level 5.1 Armour
 + Level 1.5 Dodging
 + Level 0.1 Stealth
 + Level 4.7 Shields


You had 5 spell levels left.
You didn't know any spells.
Your spell library was empty.

Dungeon Overview and Level Annotations

Branches:
Dungeon (3/15)              Sewer (1/1)

Altars:
Ru


Innate Abilities, Weirdness & Mutations

You have a pair of horns on your head.
You reflexively headbutt those who attack you in melee.
Your flesh is cold resistant. (rC+)
You expend magic power (3 MP) to strengthen your wands.


Message History

Unknown command.
Your unstable footing causes you to fumble your attack.
You feel sick. The river rat barely misses you.
The adder bites you but does no damage.
Unknown command.
You barely miss the adder.
You feel sick.
You are no longer poisoned.
The adder bites you but does no damage.
The river rat bites you but does no damage.
The adder bites you but does no damage.
The river rat bites you but does no damage.
Unknown command.
You miss the adder. Your headbutt misses the adder.
The adder bites you but does no damage.
The river rat bites you but does no damage.
The adder barely misses you.
Unknown command.
You are engulfed in poison gas.
You are poisoned.
* * * LOW HITPOINT WARNING * * *
You feel less invigorated.
You feel less confused.
You feel very sick. You block the adder's attack.
You miss the adder.
You are engulfed in poison gas.
You are lethally poisoned!
* * * LOW HITPOINT WARNING * * *
You feel very sick. The adder bites you.
* * * LOW HITPOINT WARNING * * *
You are more poisoned.
The adder poisons you! The adder bites you but does no damage.
Unknown command.
It was a potion of mutation.
You feel extremely strange.
You feel your magical essence link to the dungeon's wands.
You feel resistant to cold.
You are engulfed in poison gas.
You are more poisoned.
* * * LOW HITPOINT WARNING * * *
You die...

... #... #...#
####################....#
###..°°~≈§§@Sr≈≈°☼°≈......#
##...~§§☼○☼§☼§~☼§☼°○≈~.....#
#.....§☼~#☼§§~§○§§☼~≈~.....#
#.....§≈≈○☼☼≈°§rrr†○~.....#
##.....≈§≈§☼≈○°§§☼°○○≈....##
#......≈§°≈○≈≈○°≈☼°○☼≈..###
#††..####################
##...## #...##


You could see an adder, a river rat and 3 rats.

Vanquished Creatures
  Grinder (D:3)
  3 adders
  3 river rats
  2 worms (D:2)
  A dart slug (D:1)
  8 bats
  An endoplasm (D:3)
  2 giant cockroaches
  9 goblins
  7 hobgoblins
  6 jackals
  2 quokkas (D:2)
  11 ball pythons
  10 frilled lizards
  7 kobolds
  14 rats
87 creatures vanquished.

Notes
Turn   | Place    | Note
-------+----------+-------------------------------------------
     0 | D:1      | Peloso the Minotaur Fighter began the quest for the Orb.
     0 | D:1      | Reached XP level 1. HP: 19/19 MP: 0/0
   173 | D:1      | Reached XP level 2. HP: 19/27 MP: 1/1
   568 | D:1      | Reached XP level 3. HP: 32/33 MP: 2/2
  1546 | D:2      | Reached XP level 4. HP: 27/40 MP: 3/3
  2313 | D:3      | Found a sacrificial altar of Ru.
  2443 | D:3      | Noticed Grinder
  2450 | D:3      | Killed Grinder
  2451 | D:3      | Reached skill level 5 in Long Blades
  2451 | D:3      | Reached skill level 5 in Armour
  2451 | D:3      | Reached skill level 1 in Dodging
  2451 | D:3      | Reached XP level 5. HP: 38/47 MP: 4/4
  2451 | D:3      | Reached XP level 6. HP: 44/55 MP: 5/5
  2469 | D:3      | Found a glowing drain.
  2491 | D:3      | HP: 1/55 [river rat (2)]
  2497 | Sewer    | Entered a sewer
  2993 | Sewer    | Gained mutation: You expend magic power (3 MP) to
                  | strengthen your wands. [potion of mutation]
  2993 | Sewer    | Gained mutation: Your flesh is cold resistant. (rC+)
                  | [potion of mutation]
  2993 | Sewer    | HP: 2/55 [cloud of poison gas (5)]
  2993 | Sewer    | Succumbed to their own poison gas

Illustrated notes

Levels and vault maps discovered:
D:1:      dpeg_arrival_rooms_with_view, layout_loops_cross, minmay_circled_x
D:2:      layout_loops_corners, minmay_lizard_pond
D:3:      layout_rooms, hangedman_ru_absence, portal_sewer_entry_c,
          grunt_ministairs_11, minmay_goblin_kobold_house, uniq_grinder
Sewer:    sewer_minmay_w

Skill      XL: |  1  2  3  4 |
---------------+-------------+-----
Armour         | 4 5 |  5.1
Shields        | 4 |  4.7
Long Blades    | 3 5 |  5.1
Fighting       | 4 |  4.9
Dodging        | 1 |  1.5
Stealth        | |  0.1

Action                   |  1- 3 |  4- 6 || total
-------------------------+-------+-------++-------
Melee: Long sword        |   113 |    80 ||   193
       Headbutt          |    12 |    10 ||    22
  Use: Scroll            |     3 |     9 ||    12
       Potion            |     2 |     4 ||     6
Armor: Scale mail        |    66 |    72 ||   138
Dodge: Dodged            |    78 |    86 ||   164
Block: Buckler           |    37 |    32 ||    69
